 Dungeon Crawl Stone Soup version 0.26.0-16-gc1dbca0489 (webtiles) character file.

Game seed: 11383237129842490634

6566 Eitelfritz the Carver (level 11, 0/138 HPs)
             Began as a Hill Orc Fighter on Jan 17, 2021.
             Was a High Priest of Zin.
             Slain by a killer bee (5 damage)
             ... on level 10 of the Dungeon.
             The game lasted 00:30:53 (10815 turns).

Eitelfritz the Carver (Hill Orc Fighter)           Turns: 10815, Time: 00:30:53

Health: 0/138      AC:  9    Str: 21    XL:     11   Next: 1%
Magic:  16/18      EV: 11    Int: 10    God:    Zin [*****.]
Gold:   616        SH: 11    Dex: 10    Spells: 10/10 levels left

rFire    . . .     SeeInvis +   a - +1 long sword
rCold    . . .     Faith    .   c - +0 kite shield
rNeg     . . .     Spirit   .   B - +0 troll leather armour
rPois    .         Reflect  .   (no helmet)
rElec    .         Harm     .   f - +0 cloak
rCorr    .         Rampage  .   d - +2 pair of gloves
Will     .....                  (no boots)
Stlth    ..........             (no amulet)
HPRegen  0.73/turn              j - ring of see invisible
MPRegen  0.16/turn              (no ring)

@: berserking (expiring), lethally poisoned (0 -> -15), very quick
A: no striking features
a: Renounce Religion, Recite, Vitalisation, Imprison, Sanctuary, Donate Gold


You were on level 10 of the Dungeon.
You worshipped Zin.
Zin was extremely pleased with you.
You visited 2 branches of the dungeon, and saw 11 of its levels.

You collected 684 gold pieces.
You donated 68 gold pieces to Zin.

Inventory:

Hand Weapons
 a - a +1 long sword (weapon)
 r - a +3 vorpal mace
 y - a +0 great sword
 J - a +5 falchion
Missiles
 l - 21 poisoned darts
 w - 15 boomerangs (quivered)
 A - 5 boomerangs of dispersal
Armour
 c - a +0 kite shield (worn)
 d - a +2 pair of gloves (worn)
 f - a +0 cloak (worn)
 v - a +0 chain mail
 B - a +0 troll leather armour (worn)
 G - a scarf of invisibility
Jewellery
 j - a ring of see invisible (left hand)
 x - an uncursed amulet of magic regeneration {unknown}
Wands
 E - a wand of paralysis (8)
 L - a wand of disintegration (8)
Scrolls
 e - 7 scrolls of teleportation
 g - a scroll of magic mapping
 i - a scroll of amnesia
 n - 2 scrolls of immolation
 o - a scroll of acquirement {unknown}
 t - a scroll of noise
 D - 3 scrolls of remove curse
 F - 2 scrolls of identify
 M - a scroll of enchant armour
Potions
 b - 2 potions of attraction
 h - a potion of haste
 k - 5 potions of invisibility
 m - 3 potions of curing
 q - a potion of magic
 s - a potion of heal wounds
 u - 2 potions of mutation
 z - 3 potions of ambrosia
 H - a potion of brilliance {unknown}


   Skills:
 + Level 7.6 Fighting
 + Level 9.7 Long Blades
 + Level 0.8 Throwing
 + Level 6.9 Armour
 + Level 2.8 Dodging
 + Level 3.1 Stealth
 + Level 8.4 Shields
 * Level 9.3 Invocations


You had 10 spell levels left.
You didn't know any spells.
Your spell library contained the following spells:

 Spells                   Type           Power        Failure   Level
 Blink                    Tloc           N/A          83%         2
 Gell's Gravitas          Tloc           0%           97%         3
 Lesser Beckoning         Tloc           0%           97%         3
 Teleport Other           Tloc           0%           97%         3
 Passage of Golubria      Tloc           N/A          100%        4


Dungeon Overview and Level Annotations

Branches:
Dungeon (10/15)            Temple (1/1) D:4            Lair (0/6) D:8
    Orc: D:9-12

Altars:
Ashenzari
Cheibriados
Dithmenos
Elyvilon
Fedhas
Gozag
Hepliaklqana
Kikubaaqudgha
Makhleb
Nemelex Xobeh
Okawaru
Qazlal
Ru
Sif Muna
Trog
Uskayaw
Vehumet
Wu Jian
Xom
Yredelemnul
Zin
The Shining One

Portals:
Abyss: D:6

Annotations:
D:6 2 transporters, Mandevil's ghost, novice TrSu


Message History

You are ready to recite again.
You feel sick.
The killer bee stings you but does no damage.
The killer bee stings you.
* * * LOW HITPOINT WARNING * * *
The killer bee stings you.
* * * LOW HITPOINT WARNING * * *
You block the killer bee's attack.
The killer bee stings you but does no damage.
You slice the killer bee!!
You kill the killer bee!
* * * LOW HITPOINT WARNING * * *
You feel sick. The killer bee stings you.
* * * LOW HITPOINT WARNING * * *
You are more poisoned.
The killer bee poisons you! You block the killer bee's attack. x2
You closely miss the killer bee.
* * * LOW HITPOINT WARNING * * *
You feel sick. The killer bee stings you.
You die...

......#..##...#
###......###. .....
#.......###....#..##
.....
#.........#....#..#
##..
####...#...........
...
#....#...........
........##........
........#....=..)..
#####.#.#y.........
####@y#........
#y)###..y.... #..##
..y.... #... ....y..
#..# ..##... ### ..
..


You could see 3 killer bees.

Vanquished Creatures
  A two-headed ogre (D:9)
  A gargoyle (D:10)
  2 trolls
  Grinder (D:5)
  2 wraiths
  7 orc warriors
  3 phantoms
  A sky beast (D:7)
  A necrophage (D:6)
  6 ogres
  2 centaurs
  An elf zombie (D:8)
  6 bullfrogs
  A gnoll sergeant (D:5)
  A wyvern zombie (D:6)
  An elf skeleton (D:8)
  A wyvern skeleton (D:10)
  2 scorpions
  A water moccasin skeleton (D:4)
  6 killer bees (D:10)
  A wight (D:8)
  A human zombie (D:8)
  A quasit (D:9)
  3 centaur skeletons
  2 bullfrog zombies (D:9)
  3 orc priests
  Crazy Yiuf (D:4)
  5 bullfrog skeletons
  6 hounds
  2 jellies (D:9)
  2 human skeletons (D:8)
  4 iguanas
  Natasha (thrice) (D:2)
  13 orc wizards
  4 worker ants
  An ogre zombie (D:8)
  A hound skeleton (D:10)
  3 howler monkey skeletons
  2 mummies (D:8)
  6 gnolls
  13 adders
  6 shadow imps
  2 white imps
  An ufetubus (D:10)
  An ooze (D:7)
  3 adder skeletons (D:4)
  3 worms
  3 dart slugs
  7 leopard geckos
  47 orcs
  4 ball pythons
  8 giant cockroaches
  6 goblins
  9 hobgoblins
  8 jackals
  7 quokkas
  5 bats
  15 kobolds
  An orc skeleton (D:8)
  An orc zombie (D:8)
  4 rats
265 creatures vanquished.

Notes
Turn   | Place    | Note
-------+----------+-------------------------------------------
     0 | D:1      | Eitelfritz the Hill Orc Fighter began the quest for the
                  | Orb.
     0 | D:1      | Reached XP level 1. HP: 19/19 MP: 1/1
   209 | D:1      | Reached XP level 2. HP: 27/27 MP: 2/2
   510 | D:2      | Found a basalt altar of Yredelemnul.
   514 | D:2      | Found a shimmering blue altar of Sif Muna.
   514 | D:2      | Found a sparkling altar of Nemelex Xobeh.
   514 | D:2      | Found a blossoming altar of Fedhas.
   515 | D:2      | Found a bloodstained altar of Trog.
   593 | D:2      | Reached XP level 3. HP: 15/33 MP: 3/3
   924 | D:2      | Noticed Natasha
   934 | D:2      | Killed Natasha
   935 | D:2      | Reached XP level 4. HP: 19/40 MP: 4/4
   981 | D:2      | Noticed Natasha
  1188 | D:2      | Killed Natasha
  1189 | D:2      | Reached XP level 5. HP: 40/47 MP: 5/5
  1388 | D:2      | Noticed Natasha
  1396 | D:2      | Killed Natasha
  2266 | D:3      | Reached XP level 6. HP: 53/53 MP: 6/6
  2698 | D:3      | Found an opulent altar of Gozag.
  2938 | D:4      | Reached skill level 5 in Long Blades
  3047 | D:4      | Found a staircase to the Ecumenical Temple.
  3098 | Temple   | Entered the Ecumenical Temple
  3386 | Temple   | Became a worshipper of Zin the Law-Giver
  3386 | Temple   | Reached * piety under Zin
  3492 | D:4      | Reached XP level 7. HP: 53/60 MP: 7/7
  3613 | D:4      | Reached skill level 5 in Armour
  3617 | D:4      | Reached skill level 1 in Invocations
  3787 | D:4      | Reached ** piety under Zin
  4028 | D:4      | Found a runed translucent door.
  4029 | D:4      | Noticed Crazy Yiuf
  4292 | D:4      | Killed Crazy Yiuf
  4393 | D:5      | Entered Level 5 of the Dungeon
  4407 | D:5      | Reached skill level 5 in Shields
  4721 | D:5      | Noticed Grinder
  4734 | D:5      | Paralysed by Grinder for 6 turns
  4745 | D:5      | Killed Grinder
  4746 | D:5      | Reached skill level 5 in Fighting
  4746 | D:5      | Reached skill level 1 in Stealth
  4746 | D:5      | Reached XP level 8. HP: 52/68 MP: 9/9
  5107 | D:5      | Reached *** piety under Zin
  5241 | D:5      | Reached skill level 1 in Dodging
  6247 | D:6      | Reached skill level 5 in Invocations
  6288 | D:6      | Found a shadowy altar of Dithmenos.
  6332 | D:6      | Reached XP level 9. HP: 40/75 MP: 12/12
  6588 | D:6      | Found a transporter.
  6589 | D:6      | Found a one-way gate to the infinite horrors of the Abyss.
  6589 | D:6      | Noticed Mandevil's ghost (novice TrSu)
  6594 | D:6      | Found a transporter.
  6667 | D:6      | Noticed a troll
  6689 | D:6      | Killed a troll
  7304 | D:7      | Reached **** piety under Zin
  7547 | D:7      | Found a hazy altar of Hepliaklqana.
  8313 | D:7      | Reached XP level 10. HP: 78/84 MP: 15/15
  8337 | D:8      | Found a staircase to the Lair.
  8458 | D:8      | Reached ***** piety under Zin
  8908 | D:8      | Found an ancient bone altar of Kikubaaqudgha.
 10148 | D:10     | Entered Level 10 of the Dungeon
 10174 | D:10     | Noticed a two-headed ogre
 10340 | D:9      | Killed a two-headed ogre
 10796 | D:10     | Noticed a gargoyle
 10812 | D:10     | Killed a gargoyle
 10813 | D:10     | Reached XP level 11. HP: 22/92 MP: 16/18
 10815 | D:10     | HP: 5/138 [poisoned by a killer bee]
 10815 | D:10     | Slain by a killer bee

Illustrated notes

Levels and vault maps discovered:
D:1:      minmay_arrival_radiant_lines, layout_loops_cross
D:2:      layout_rooms, grunt_temple_overflow_open, uniq_natasha
D:3:      layout_loops_ring, lemuel_coloured_pillars_altar
D:4:      layout_loops_cross, minmay_temple_entry_mist, grunt_decor_clamped,
          uniq_crazy_yiuf_cottage
D:5:      layout_basic, lightli_minifort, uniq_grinder
D:6:      kennysheep_big_flooded_room, layout_loops_ring,
          gammafunk_ghost_abyssal_escape,
          nicolae_dithmenos_through_a_glass_darkly
D:7:      layout_layer_cave, lemuel_crystal_altar, minmay_quadrilaterals
D:8:      layout_rooms, lemuel_mausoleum_altar_kikubaaqudgha, lair_entry_dummy
D:9:      layout_irregular_city
D:10:     layout_cave_pools, serial_bayou_ford_a, kennysheep_small_spiral
Temple:   minmay_temple_curvy_branch

Skill      XL: |  1  2  3  4  5  6  7  8  9 10 |
---------------+-------------------------------+-----
Fighting       | 4 5 6 7 |  7.6
Long Blades    | 3 4 5 6 7 8 9 |  9.7
Shields        | 4 5 6 7 8 |  8.4
Armour         | 4 5 6 |  6.9
Invocations    | 2 5 7 9 |  9.3
Stealth        | 1 2 3 |  3.1
Dodging        | 1 2 |  2.8
Throwing       | |  0.8

Action                   |  1- 3 |  4- 6 |  7- 9 | 10-12 || total
-------------------------+-------+-------+-------+-------++-------
Melee: Long sword        |    62 |   253 |   497 |   433 ||  1245
Throw: Stone             |    16 |       |       |       ||    16
       Boomerang         |       |       |     9 |     1 ||    10
Invok: Recite            |       |       |    19 |    17 ||    36
  Use: Scroll            |       |     9 |    10 |     4 ||    23
       Potion            |       |       |     2 |     3 ||     5
 Stab: Invisible         |       |       |     2 |    13 ||    15
       Confused          |       |       |     3 |     1 ||     4
       Paralysed         |       |       |       |    11 ||    11
Armor: Scale mail        |    25 |    72 |       |       ||    97
       Chain mail        |       |    48 |   174 |       ||   222
       Troll leather arm |       |       |    41 |   117 ||   158
Dodge: Dodged            |    18 |    64 |   107 |   183 ||   372
Block: Kite shield       |    20 |   139 |   277 |   237 ||   673
       Rpst.: Long sword |     7 |    22 |    28 |    47 ||   104
